 Dungeon Crawl Stone Soup version 0.32-a0-898-g7811c86cf0 (webtiles) character file.

Game seed: 18088746105235737013

398548 Rabblemaster the Slayer (level 23, 0/204 HPs)
             Began as a Coglin Hunter on Apr 4, 2024.
             Was the Champion of Okawaru.
             Splashed by an acid blob's acid (3 damage)
             ... on level 3 of the Pits of Slime.
             The game lasted 01:26:42 (57030 turns).

Rabblemaster the Slayer (Coglin Hunter)            Turns: 57030, Time: 01:26:43

Health: 0/204      AC: 11    Str:  9    XL:     23   Next: 25%
Magic:  27/32      EV: 27    Int: 15    God:    Okawaru [******]
Gold:   2560       SH:  0    Dex: 26    Spells: 21/30 levels left

rFire   . . .        J - +1 hand cannon (freeze) {Tlalli}
rCold   + . .        R - +9 hand cannon (freeze) {Zihan}
rNeg    . . .        k - +1 acid dragon scales
rPois   .            a - +1 helmet
rElec   .            W - +0 cloak
rCorr   +            c - +1 pair of gloves {Dex+3}
SInv    .            P - +0 pair of boots "Gumess" {rC+ Int+4 Dex-4 Slay+5}
Will    +....        (amulet unavailable)
Stlth   ++           (ring unavailable)
HPRegen 0.54/turn    (ring unavailable)
MPRegen 0.23/turn    (no gizmo)

%: no passive effects
@: swift, corroded, on blink cooldown, revving, quick
A: off-hand wielding, slow wielding, warmup strikes, no jewellery, weak 1
}: 2/15 runes: barnacled, gossamer
a: Invent Gizmo, Renounce Religion, Heroism, Finesse, Duel


You were on level 3 of the Pits of Slime.
You worshipped Okawaru.
Okawaru was exalted by your worship.
You visited 9 branches of the dungeon, and saw 41 of its levels.
You visited 1 bazaar.

You collected 5846 gold pieces.
You spent 3286 gold pieces at shops.

Inventory:

Hand Weapons
 J - a +1 hand cannon of freezing (weapon) {Tlalli}
 R - a +9 hand cannon of freezing (offhand) {Zihan}
Missiles
 L - 8 throwing nets {=f!f}
Armour
 a - a +1 helmet (worn)
 c - a +1 pair of gloves of dexterity (worn)
 j - a +1 pair of boots of flying
 k - +1 acid dragon scales (worn)
 m - +0 steam dragon scales
 v - +0 fire dragon scales
 K - the +6 plate armour of Nocein {rElec MP+9 Dex+2}
   (You took it off a deep elf blademaster on level 3 of the Elven Halls)

   Dex+2:     It affects your dexterity (+2).
   rElec:     It insulates you from electricity.
   MP+9:      It affects your magic capacity (+9).
 M - the +2 robe of Kughow {rF+ rN+ Will+ MP+9}
   (You found it on level 3 of the Vaults)

   rF+:       It protects you from fire.
   rN+:       It protects you from negative energy.
   Will+:     It increases your willpower.
   MP+9:      It affects your magic capacity (+9).
 P - the +0 pair of boots "Gumess" (worn) {rC+ Int+4 Dex-4 Slay+5}
   (You found it on level 4 of the Lair of Beasts)

   Int+4:     It affects your intelligence (+4).
   Dex-4:     It affects your dexterity (-4).
   Slay+5:    It affects your accuracy & damage with ranged weapons and melee
   (+5).
   rC+:       It protects you from cold.
 S - the +4 skin of Zhor {*Englaciate rC+++ SInv}
   (Okawaru gifted it to you on level 3 of the Dungeon)

   *Englaciate: It radiates cold, occasionally slowing all nearby creatures who
   are not resistant to cold.
   rC+++:     It renders you almost immune to cold.
   SInv:      It lets you see invisible.
 W - a +0 cloak (worn)
 Z - +2 swamp dragon scales
Magical Staves
 Y - a staff of fire {!a}
Wands
 D - a wand of digging (13)
Scrolls
 b - 2 scrolls of butterflies
 d - 9 scrolls of enchant armour
 h - 4 scrolls of silence {!r!r}
 l - 3 scrolls of teleportation {@r4}
 n - 2 scrolls of immolation {!r!r}
 p - 4 scrolls of fear
 s - 2 scrolls of vulnerability {!r!r}
 t - 9 scrolls of revelation
 u - 5 scrolls of enchant weapon
 x - 3 scrolls of brand weapon
 y - 7 scrolls of amnesia
 B - 3 scrolls of fog
 G - 5 scrolls of noise {!r}
 Q - 5 scrolls of poison {!r}
 X - 21 scrolls of identify {@r1}
Potions
 e - 5 potions of attraction {!q}
 f - 5 potions of ambrosia
 o - 7 potions of enlightenment
 q - 3 potions of might
 r - 4 potions of lignification {!q}
 w - 5 potions of magic
 A - 5 potions of heal wounds {@q2}
 E - 5 potions of mutation {!q}
 F - 4 potions of brilliance
 H - 5 potions of berserk rage {!q}
 I - 6 potions of haste {@q3}
 N - 6 potions of curing {@q1}
 T - a potion of invisibility
Miscellaneous
 V - a condenser vane


   Skills:
 + Level 22.5 Fighting
 - Level 18.0 Ranged Weapons
 - Level 14.0 Armour
 + Level 19.3 Dodging
 - Level 0.7 Stealth
 - Level 4.0 Spellcasting
 - Level 6.0 Hexes
 - Level 8.0 Translocations
 * Level 4.4 Air Magic
 - Level 12.0 Invocations


You had 21 spell levels left.
You knew the following spells:

 Your Spells              Type           Power      Damage    Failure   Level
b - Blink                 Tloc           54%        N/A       1%          2
s - Swiftness             Air            16%        N/A       12%         3
X - Dimensional Bullseye  Hex/Tloc       12%        N/A       14%         4

Your spell library contained the following spells:

 Spells                   Type           Power      Damage    Failure   Level
 Apportation              Tloc           54%        N/A       1%          1
 Lesser Beckoning         Tloc           54%        N/A       1%          2
 Confusing Touch          Hex            21%        N/A       6%          3
 Momentum Strike          Conj/Tloc      30%        3d8       8%          2
 Ensorcelled Hibernation  Hex/Ice        24%        N/A       11%         2
 Volatile Blastmotes      Fire/Tloc      30%        2d12      14%         3
 Mercury Vapours          Alch/Air       18%        N/A       16%         2
 Static Discharge         Conj/Air       18%        3-4/arc   16%         2
 Dazzling Flash           Conj/Hex       24%        N/A       22%         3
 Inner Flame              Hex/Fire       12%        N/A       22%         3
 Cause Fear               Hex            10%        N/A       22%         4
 Freeze                   Ice            12%        1d3       26%         1
 Kiss of Death            Conj/Necr      12%        2d6       26%         1
 Necrotise                Necr           12%        1d4       26%         1
 Sting                    Conj/Alch      12%        1d3       26%         1
 Mephitic Cloud           Conj/Alch/Air  7%         N/A       38%         3
 Iskenderun's Mystic Bla Conj/Tloc 15%            2d5        (+2d2     43%         4
 Frozen Ramparts          Ice            6%         1d1       58%         3
 Fugue of the Fallen      Necr           3%         N/A       58%         3
 Hailstorm                Conj/Ice       3%         3d5       58%         3
 Passwall                 Erth           3%         N/A       58%         3
 Stone Arrow              Conj/Erth      6%         3d7       58%         3
 Anguish                  Hex/Necr       6%         N/A       58%         4
 Silence                  Hex/Air        9%         N/A       63%         5
 Metabolic Englaciation   Hex/Ice        6%         N/A       90%         5
 Brom's Barrelling Bould  Conj/Erth      3%         2d3       94%         4
 Dispel Undead            Necr           3%         3d7       94%         4
 Flame Wave               Conj/Fire      3%         2d5       94%         4
 Fulminant Prism          Conj/Alch      1%         3d5       94%         4
 Leda's Liquefaction      Alch/Erth      1%         N/A       94%         4
 Petrify                  Alch/Erth      3%         N/A       94%         4
 Sticky Flame             Fire/Alch      3%         2d4       94%         4
 Freezing Cloud           Conj/Ice/Air   3%         6-21      98%         5
 Curse of Agony           Necr           3%         N/A       100%        5
 Fireball                 Conj/Fire      1%         3d3       100%        5
 Iskenderun's Battlesphe  Conj           3%         2d6       100%        5
 Conjure Ball Lightning   Conj/Air       4%         3x3d6     100%        6
 Eringya's Noxious Bog    Alch           1%         4d6       100%        6
 Orb of Destruction       Conj           1%         9d5       100%        7
 Borgnjor's Revivificati  Necr           1%         N/A       100%        8
 Lehudib's Crystal Spear  Conj/Erth      1%         10d2      100%        8
 Death's Door             Necr           1%         N/A       100%        9
 Tukima's Dance           Hex            Unusable   N/A       N/A         3
 Summon Small Mammal      Summ           Unusable   N/A       N/A         1
 Summon Forest            Summ/Tloc      Unusable   N/A       N/A         5
 Animate Armour           Summ/Erth      Unusable   N/A       N/A         4
 Summon Blazeheart Golem  Fire/Summ      Unusable   N/A       N/A         4
 Summon Hydra             Summ           Unusable   N/A       N/A         7
 Dragon's Call            Summ           Unusable   N/A       N/A         9

Dungeon Overview and Level Annotations

Branches:
Dungeon (15/15)            Temple (1/1) D:7            Lair (5/5) D:10
 Shoals (4/4) Lair:3       Spider (4/4) Lair:2        Slime (3/5) Lair:4
    Orc (2/2) D:10            Elf (3/3) Orc:2        Vaults (4/5) D:13
  Crypt (0/3) Vaults:2     Depths (0/4) D:15

Altars:
Ashenzari
Cheibriados
Dithmenos
Elyvilon
Fedhas
Gozag
Hepliaklqana
Kikubaaqudgha
Makhleb
Nemelex Xobeh
Okawaru
Qazlal
Ru
Sif Muna
Trog
Uskayaw
Vehumet
Wu Jian
Xom
Yredelemnul
Zin
The Shining One
Beogh
Jiyva

Shops:
D:3 ?([[*   D:6 (   D:15 :   Orc:2 =(!!   Shoals:2 (   Vaults:2 =   Vaults:4 [

Portals:
Pandemonium: Orc:2
Trove: D:13 (give 7 scrolls of fear)


Innate Abilities, Weirdness & Mutations

You can wield a second weapon in your off-hand.
It takes a long time for you to wield or remove held weapons.
Your first few attacks do less damage.
You cannot equip rings or amulets.
You are weak. (Str -2)


Message History

You feel ready to blink again. The rockslime completely misses you.
Fire: J) +1 hand cannon (freeze) {Tlalli}
Press: ? - help, Q - select action, (/) - cycle Shift-Dir - straight line, f/p - rockslime
Aim: a rockslime (severely wounded, 94% to hit)
You shoot a slug. The slug hits the rockslime.
The slug freezes the rockslime.
You shoot a slug. The slug hits the rockslime!
The slug freezes the rockslime.
You kill the rockslime!
Okawaru accepts your kill.
Fire: J) +1 hand cannon (freeze) {Tlalli}
Press: ? - help, Q - select action, (/) - cycle Shift-Dir - straight line, f - acid blob
Aim: an acid blob (magical condensation, 92% to hit)
You shoot a slug. The slug hits the acid blob.
The slug freezes the acid blob.
You shoot a slug.
The slug hits the acid blob but does no damage.
The acid blob spits acid at you. The splash of acid hits you! You resist.
The slime creature hits you.
* * * LOW HITPOINT WARNING * * *
The acid blob hits you!!
* * * LOW HITPOINT WARNING * * *
You are splashed with acid.
You resist.
* * * LOW HITPOINT WARNING * * *
Casting: Blink (safe; 1% risk of failure)
Confirm with . or Enter, or press ? or * to list all spells.
You blink.
The slime creature closely misses you. The acid blob spits acid at you.
The splash of acid hits you but does no damage.
You resist.
Your magical effects are unravelling.
You feel magically purged.
You are no longer corroded.
The slime creature closely misses you. The acid blob spits acid at you.
The splash of acid hits you but does no damage.
Casting: Blink (safe; 1% risk of failure)
Confirm with . or Enter, or press ? or * to list all spells.
You feel quick. The slime creature hits you.
* * * LOW HITPOINT WARNING * * *
The acid blob hits you!!
* * * LOW HITPOINT WARNING * * *
The acid corrodes you!
You are splashed with acid.
You resist.
* * * LOW HITPOINT WARNING * * *
Acid dripping from the walls corrodes you.
The acid blob attacks as it pursues you!
The acid blob hits you!!
* * * LOW HITPOINT WARNING * * *
The acid corrodes you!
You are splashed with acid.
You resist.
You die...

## #.....
#.#.....#.
.......... #####
#...#.....
##.#.####.........
#...°°..#.........
##..JJ............
##..@....<.......
###............>
#.#............
...#...........
##......#.......
#....#.##......
##..#... ......
##. #.##.#.... .
.. ###...


You could see an acid blob and a slime creature.

Vanquished Creatures
  Boris (Vaults:3)
  Saint Roka (Elf:3)
  Nikola (Shoals:3)
  Norris (Vaults:3)
  Zenata (Vaults:4)
  Jorgrun (D:12)
  4 deep elf blademasters (Elf:3)
  2 deep elf master archers (Elf:3)
  Asterion (Spider:2)
  8 acid blobs
  3 sphinxes
  A kraken (Shoals:2)
  Polyphemus (Shoals:3)
  A storm dragon (Shoals:4)
  Frances (Shoals:1)
  Roxanne (Spider:3)
  3 rockslimes
  2 azure jellies
  A fire giant (D:12)
  6 vault wardens
  The ghost of Vidaw the Fighter, a journeyman DsSh of Qazlal (Spider:2)
  10 deep elf sorcerers (Elf:3)
  2 emperor scorpions (Spider:4)
  Louise (Spider:3)
  4 ghost moths
  2 orc warlords
  5 deep elf elementalists (Elf:3)
  A stone giant (Vaults:3)
  2 quicksilver oozes (Slime:2)
  14 broodmothers
  Nessos (Lair:4)
  4 ironbound thunderhulks
  14 ironbound preservers
  3 deep elf demonologists (Elf:3)
  2 formless jellyfish (Vaults:1)
  6 deep elf death magi (Elf:3)
  12 dire elephants
  A war gargoyle (Vaults:2)
  2 spark wasps (Spider:3)
  Azrael (D:12)
  6 deep elf annihilators (Elf:3)
  7 merfolk impalers
  9 merfolk javelineers (Shoals:4)
  2 fire dragons (D:15)
  A crystal guardian (Vaults:2)
  8 deep elf high priests (Elf:3)
  7 yaktaur captains
  Erolcha (D:13)
  Harold (D:9)
  5 entropy weavers
  A vault guard (Vaults:3)
  5 hydras
  8 great orbs of eyes
  2 peacekeepers (Vaults:2)
  8 merfolk avatars
  3 jorogumos
  4 catoblepae
  9 merfolk aquamancers
  13 boulder beetles
  5 ironbound frosthearts
  A radroach (Spider:3)
  6 centaur warriors
  2 satyrs
  32 dancing weapons
  3 death yaks (Shoals:3)
  2 alligator snapping turtles
  An ogre mage (D:15)
  2 demonspawn (Orc:2)
  7 two-headed ogres
  2 tengu warriors
  8 demonic crawlers
  The ghost of Cris the Magician, a novice DsHW of Vehumet (D:7)
  3 orc high priests (Orc:2)
  15 deep elf knights
  A soul eater (Orc:2)
  A skyshark (shapeshifter) (Elf:1)
  12 skysharks
  7 pharaoh ants
  6 deep elf archers
  2 glowing orange brains (Vaults:1)
  2 spriggan druids (Elf:1)
  An orb spider (shapeshifter) (Elf:1)
  7 sea snakes
  17 orb spiders
  A sun moth (Spider:2)
  A deep troll (shapeshifter) (Vaults:3)
  2 lindwurms
  29 deep trolls
  An obsidian bat (Orc:1)
  An orange crystal statue (Shoals:1)
  A harpy (shapeshifter) (D:15)
  7 ironbound convokers
  2 necromancers
  7 arcanists
  24 ugly things
  Pikel (D:9)
  25 deep elf pyromancers
  11 orc knights
  29 harpies
  A human zombie (Vaults:3)
  6 steelbarb worms
  11 deep elf zephyrmancers
  A shining eye (Slime:2)
  5 thermic dynamos (Elf:2)
  33 wolf spiders
  11 orc sorcerers
  7 fauns
  A cyclops (shapeshifter) (Elf:1)
  2 moths of wrath (Spider:2)
  8 cyclopes
  4 meliai
  8 merfolk sirens
  24 manticores
  A human skeleton (Vaults:3)
  4 elephants
  11 water nymphs
  17 vault sentinels
  6 cane toads
  5 black mambas
  4 torpor snails
  3 orange demons (Orc:2)
  A spectral unseen horror (D:7)
  Maggie (D:6)
  5 gargoyles
  A yaktaur zombie (Vaults:3)
  An unseen horror (D:13)
  4 komodo dragons
  2 rime drakes
  25 yaktaurs
  A tengu conjurer (D:14)
  28 merfolk
  7 trolls
  8 wind drakes
  5 hornets
  A queen bee (shapeshifter) (D:13)
  9 polar bears
  35 tarantellas
  Grinder (D:3)
  40 jumping spiders
  4 snapping turtles
  9 blink frogs
  70 slime creatures
  6 dream sheep
  4 air elementals
  An ettin skeleton (Vaults:3)
  12 spriggans (Lair:5)
  Sigmund (D:3)
  32 water elementals
  28 culicivoras
  A vampire (D:11)
  A human (shapeshifter) (D:14)
  37 yaks
  7 wyverns
  An unseen horror simulacrum (D:7)
  11 basilisks
  A shadow (D:10)
  2 wraiths (D:11)
  6 fire elementals
  10 golden eyes
  11 wargs
  64 redbacks
  13 vampire mosquitoes
  4 steam dragons
  A chaos spawn (Orc:2)
  4 acid dragons
  13 water moccasins
  3 hell hounds (D:12)
  41 orc warriors
  3 ice beasts
  8 ogres
  3 black bears
  2 sky beasts
  6 boggarts
  27 wolves
  2 centaurs
  2 phantoms
  3 kobold brigands
  14 bullfrogs
  Blork the orc (D:6)
  A bullfrog (shapeshifter) (Elf:1)
  A gnoll sergeant (D:11)
  A spectral wyvern (D:7)
  8 scorpions
  10 wights
  2 water moccasin skeletons (D:5)
  5 howler monkeys
  An electric eel (Lair:4)
  2 bombardier beetles
  14 jellies
  2 bullfrog zombies (D:5)
  29 orc priests
  A gnoll bouda (D:7)
  4 hounds
  An iguana (D:4)
  18 orc wizards
  7 hell rats (Lair:1)
  A hound skeleton (D:5)
  Robin (D:3)
  12 gnolls
  5 adders
  A shadow imp (D:7)
  A howler monkey simulacrum (D:7)
  3 dart slugs
  92 orcs
  4 ball pythons
  2 bats (D:1)
  9 endoplasms
  3 giant cockroaches
  15 goblins
  10 hobgoblins
  2 jackals (D:1)
  6 quokkas
  6 frilled lizards
  18 kobolds
  7 rats
1639 creatures vanquished.

Vanquished Creatures (collateral kills)
  An orc wizard (D:5)
  An orc (D:5)
2 creatures vanquished.

Vanquished Creatures (others)
  An orc high priest (Elf:1)
1 creature vanquished.

Grand Total: 1642 creatures vanquished

Notes
Turn   | Place    | Note
-------+----------+-------------------------------------------
     0 | D:1      | Rabblemaster the Coglin Hunter began the quest for the Orb.
     0 | D:1      | Reached XP level 1. HP: 16/16 MP: 1/1
   275 | D:1      | Reached XP level 2. HP: 22/22 MP: 2/2
   656 | D:1      | Reached XP level 3. HP: 27/27 MP: 3/3
  1583 | D:3      | Noticed Grinder
  1611 | D:3      | Paralysed by Grinder for 4 turns
  1618 | D:3      | Killed Grinder
  1619 | D:3      | Reached skill level 6 in Ranged Weapons
  1619 | D:3      | Reached XP level 4. HP: 7/33 MP: 4/4
  1619 | D:3      | Reached XP level 5. HP: 9/38 MP: 5/5
  1619 | D:3      | Reached XP level 6. HP: 10/44 MP: 6/6
  1822 | D:3      | Found a shadowy altar of Dithmenos.
  1900 | D:3      | Found Ismiddit's Antique Armour Emporium.
  1964 | D:3      | Found a stormy altar of Qazlal.
  1964 | D:3      | Noticed a sky beast
  1972 | D:3      | Killed a sky beast
  1985 | D:3      | Noticed Sigmund
  2006 | D:3      | Found Guethaps's Assorted Antiques.
  2128 | D:3      | Killed Sigmund
  2129 | D:3      | Reached XP level 7. HP: 39/50 MP: 7/7
  2213 | D:3      | Bought a murky yellow potion for 22 gold pieces
  2213 | D:3      | Bought a scroll labelled IPOAFO NEUDI for 25 gold pieces
  2213 | D:3      | Bought a scroll labelled WUYRO SEVO for 25 gold pieces
  2213 | D:3      | Bought a scroll labelled YCROKHLE FOUDWUO for 25 gold
                  | pieces
  2213 | D:3      | Bought a scroll labelled YCROKHLE FOUDWUO for 25 gold
                  | pieces
  2247 | D:3      | Noticed Robin
  2290 | D:3      | Killed Robin
  2348 | D:3      | Found Loneab's Weapon Shoppe.
  2360 | D:3      | Found Kogyxk Aneu's Antique Armour Shop.
  2655 | D:3      | Found Linaiju's Magic Scroll Emporium.
  3384 | D:4      | Reached XP level 8. HP: 56/56 MP: 8/8
  3465 | D:4      | Reached skill level 9 in Ranged Weapons
  3793 | D:5      | Entered Level 5 of the Dungeon
  4776 | D:5      | Reached skill level 3 in Fighting
  5146 | D:6      | Reached XP level 9. HP: 63/63 MP: 9/9
  5242 | D:6      | Reached skill level 3 in Dodging
  5577 | D:6      | Noticed Blork the orc
  5585 | D:6      | Killed Blork the orc
  5586 | D:6      | Reached skill level 4 in Fighting
  5703 | D:6      | Found Bicepuun's Antique Weapon Emporium.
  5729 | D:6      | Noticed Maggie
  5754 | D:6      | Killed Maggie
  6109 | D:7      | Found a glowing golden altar of the Shining One.
  6238 | D:7      | Found a staircase to the Ecumenical Temple.
  6245 | D:7      | Found a runed translucent gate.
  6245 | D:7      | Found a runed translucent gate.
  6245 | D:7      | Found a runed translucent gate.
  6247 | Temple   | Entered the Ecumenical Temple
  6280 | Temple   | Became a worshipper of Warmaster Okawaru
  6310 | D:7      | Noticed a spectral unseen horror
  6312 | D:7      | Noticed Cris's ghost (novice DsHW)
  6490 | D:7      | Reached skill level 1 in Invocations
  6614 | D:7      | Found a broken altar of Ashenzari.
  6732 | D:7      | Reached * piety under Okawaru
  6733 | D:7      | Reached skill level 5 in Fighting
  6733 | D:7      | Reached XP level 10. HP: 62/74 MP: 10/10
  7135 | D:7      | Found a bloodstained altar of Trog.
  7219 | D:7      | Found a hide-covered altar of Uskayaw.
  7856 | D:8      | Reached skill level 12 in Ranged Weapons
  8744 | D:8      | Reached ** piety under Okawaru
  8821 | D:8      | Reached skill level 3 in Invocations
  8904 | D:9      | Noticed Harold
  8908 | D:9      | Noticed a two-headed ogre
  9154 | D:9      | Killed a two-headed ogre
  9382 | D:9      | Noticed Pikel
  9389 | D:9      | Killed Pikel
  9389 | D:9      | Reached *** piety under Okawaru
 10158 | D:9      | Killed Harold
 10159 | D:9      | Reached XP level 11. HP: 47/79 MP: 14/14
 10260 | D:9      | Found an ancient bone altar of Kikubaaqudgha.
 10397 | D:9      | Found an opulent altar of Gozag.
 10641 | D:10     | Entered Level 10 of the Dungeon
 10687 | D:10     | Reached **** piety under Okawaru
 10749 | D:10     | Identified the +3 sling of the Healing Hero {flame, rN++
                  | Str-5 Int+3}
 10953 | D:10     | Found a staircase to the Lair.
 11163 | D:10     | Reached ***** piety under Okawaru
 11195 | D:10     | Found a staircase to the Orcish Mines.
 11361 | D:10     | Found a roughly hewn altar of Beogh.
 12313 | D:10     | Received a gift from Okawaru
 12745 | D:11     | Reached skill level 6 in Invocations
 12959 | D:11     | Noticed a two-headed ogre
 12968 | D:11     | Killed a two-headed ogre
 12969 | D:11     | Reached XP level 12. HP: 79/86 MP: 16/16
 13508 | Lair:1   | Entered Level 1 of the Lair of Beasts
 13532 | Lair:1   | Reached skill level 15 in Ranged Weapons
 13653 | Lair:1   | Received a gift from Okawaru
 14549 | Lair:2   | HP: 3/86 [poisoned by a cane toad]
 14767 | Lair:2   | Found a hole to the Spider Nest.
 16298 | Lair:3   | Noticed a boulder beetle
 16311 | Lair:3   | Killed a boulder beetle
 16387 | Lair:3   | Reached XP level 13. HP: 57/91 MP: 18/18
 16642 | Lair:2   | Received a gift from Okawaru
 17005 | Lair:3   | Found a staircase to the Shoals.
 17982 | Lair:4   | Reached skill level 18 in Ranged Weapons
 18563 | Lair:4   | Found a viscous altar of Jiyva.
 18570 | Lair:4   | Identified the +0 pair of boots "Gumess" {rC+ Int+4 Dex-4
                  | Slay+5}
 18584 | Lair:4   | Found a staircase to the Slime Pits.
 19228 | Lair:5   | Entered Level 5 of the Lair of Beasts
 19254 | Lair:4   | Received a gift from Okawaru
 19319 | Lair:5   | Reached skill level 6 in Fighting
 19377 | Lair:5   | Learned a level 2 spell: Blink
 19461 | Lair:5   | Reached ****** piety under Okawaru
 19462 | Lair:5   | Reached skill level 1 in Translocations
 19466 | Lair:5   | Reached skill level 6 in Dodging
 19531 | Lair:5   | Paralysed by a hornet for 3 turns
 19822 | D:3      | Bought a scroll of acquirement for 676 gold pieces
 19827 | D:3      | Acquired a +1 hand cannon of freezing
 19838 | D:3      | Acquired the +4 skin of Zhor {*Englaciate rC+++ SInv}
 19838 | D:3      | Received a gift from Okawaru
 19838 | D:3      | Found the +4 skin of Zhor {*Englaciate rC+++ SInv}
 19860 | D:3      | Acquired a +6 heavy sling
 19860 | D:3      | Received a gift from Okawaru
 19875 | D:3      | Bought a scroll of enchant armour for 97 gold pieces
 19875 | D:3      | Bought a scroll of enchant armour for 97 gold pieces
 19875 | D:3      | Bought a scroll of enchant armour for 97 gold pieces
 20152 | Lair:5   | Noticed Nessos
 20169 | Lair:4   | Killed Nessos
 20170 | Lair:4   | Reached skill level 1 in Spellcasting
 20270 | Lair:5   | Reached skill level 3 in Translocations
 20316 | Lair:5   | Reached XP level 14. HP: 101/101 MP: 19/19
 20328 | Lair:5   | Received a gift from Okawaru
 20664 | Lair:5   | Reached skill level 7 in Fighting
 20899 | Orc:1    | Entered Level 1 of the Orcish Mines
 21011 | Orc:2    | Entered Level 2 of the Orcish Mines
 21013 | Orc:2    | Noticed an orc warlord
 21295 | Orc:2    | Received a gift from Okawaru
 21627 | Orc:2    | Killed an orc warlord
 21809 | Orc:1    | Reached skill level 3 in Spellcasting
 21837 | Orc:1    | You fall into a shaft and drop 1 floor!
 22067 | Orc:2    | Found a staircase to the Elven Halls.
 22382 | Orc:2    | Found Emesis's Distillery.
 22384 | Orc:2    | Found Jugu's Distillery.
 22400 | Orc:2    | Bought a potion of heal wounds for 70 gold pieces
 22400 | Orc:2    | Bought a potion of curing for 42 gold pieces
 22427 | Orc:2    | Reached skill level 6 in Translocations
 22448 | Orc:2    | Paralysed by an orc sorcerer for 5 turns
 22539 | Orc:2    | Reached skill level 8 in Fighting
 22854 | Orc:2    | Received a gift from Okawaru
 22858 | Orc:2    | Found Rese's Antique Weapon Shoppe.
 22858 | Orc:2    | Found Geimnam's Jewellery Emporium.
 22859 | Orc:2    | Found a one-way gate leading to the halls of Pandemonium.
 22869 | Orc:2    | Reached skill level 9 in Invocations
 23162 | D:12     | Reached XP level 15. HP: 92/112 MP: 21/21
 23327 | D:12     | Found a large runed translucent door.
 23331 | D:12     | Found a large runed translucent door.
 23331 | D:12     | Noticed a fire giant
 23332 | D:12     | Found a large runed translucent door.
 23392 | D:12     | Noticed Azrael
 23404 | D:12     | Killed Azrael
 23431 | D:12     | Found a large runed translucent door.
 23435 | D:12     | Found a large runed translucent door.
 23435 | D:12     | Noticed a sphinx
 23437 | D:12     | Found a large runed translucent door.
 23476 | D:12     | Reached skill level 9 in Fighting
 23750 | D:12     | Found a large runed translucent door.
 23860 | D:12     | Noticed Jorgrun
 23871 | D:12     | Killed Jorgrun
 24136 | D:12     | Found a large runed translucent door.
 24191 | D:12     | Reached XP level 16. HP: 120/120 MP: 23/23
 24205 | D:13     | Found a gate to the Vaults.
 24270 | D:13     | Received a gift from Okawaru
 24312 | D:13     | Noticed Erolcha
 24382 | D:13     | Killed Erolcha
 24383 | D:13     | Reached skill level 9 in Dodging
 24661 | D:13     | Found a portal to a secret trove of treasure.
 25431 | D:14     | Reached skill level 10 in Fighting
 25544 | D:14     | Received a gift from Okawaru
 25654 | D:14     | Identified the +10 dagger of Proximity {speed, rC+ Int+5
                  | Dex+3}
 25757 | D:14     | Found a white marble altar of Elyvilon.
 26063 | D:15     | Entered Level 15 of the Dungeon
 26338 | D:15     | Found Ibe Zija's Book Emporium.
 26348 | D:15     | Bought a manual of Fighting for 1120 gold pieces
 26888 | D:15     | Received a gift from Okawaru
 26893 | D:15     | Reached skill level 11 in Fighting
 27156 | D:15     | Found a staircase to the Depths.
 27722 | D:7      | Killed Cris's ghost
 28044 | D:12     | Killed a sphinx
 28045 | D:12     | Reached XP level 17. HP: 108/128 MP: 21/25
 28052 | D:12     | Identified the ring "Numuown" {rN++ AC+4 Str-2}
 28055 | D:12     | Identified the +5 battleaxe of Shame {flame, ^Drain Int+3
                  | Dex+4}
 28177 | D:12     | Identified the +1 dagger "Dyalugh" {freeze, Will+ Str+4
                  | SInv Stlth-}
 28341 | Spider:1 | Entered Level 1 of the Spider Nest
 28702 | D:3      | Bought a pair of glowing gloves for 165 gold pieces
 28757 | D:3      | Bought a scroll of teleportation for 39 gold pieces
 29250 | Shoals:1 | Entered Level 1 of the Shoals
 29286 | Shoals:1 | Noticed Frances
 29295 | Shoals:1 | Killed Frances
 29296 | Shoals:1 | Reached skill level 12 in Fighting
 29408 | Shoals:1 | Received a gift from Okawaru
 29454 | Shoals:1 | Reached skill level 12 in Invocations
 29530 | Shoals:1 | Found a flickering gateway to a bazaar.
 29534 | Bazaar   | Entered a bazaar
 29626 | Bazaar   | Found Gaufyqiw's Weapon Emporium.
 29655 | Bazaar   | Found Lyonn's Magic Scroll Shoppe.
 29671 | Bazaar   | Found Touhoot's Magic Scroll Shoppe.
 29699 | Bazaar   | Acquired 805 gold pieces
 29728 | Bazaar   | Bought a scroll of acquirement for 468 gold pieces
 29728 | Bazaar   | Bought a scroll of fear for 36 gold pieces
 29742 | Bazaar   | Bought 2 scrolls of fear for 80 gold pieces
 29742 | Bazaar   | Bought a scroll of enchant weapon for 75 gold pieces
 29742 | Bazaar   | Bought a scroll of enchant armour for 75 gold pieces
 29756 | Bazaar   | Bought a scroll of teleportation for 27 gold pieces
 29756 | Bazaar   | Acquired a manual of Armour
 29927 | Shoals:1 | Reached skill level 1 in Armour
 30475 | Shoals:1 | Reached skill level 13 in Fighting
 30488 | Shoals:1 | Reached skill level 3 in Armour
 30785 | Shoals:2 | Received a gift from Okawaru
 31256 | Shoals:2 | Reached skill level 14 in Fighting
 31301 | Shoals:2 | Reached skill level 6 in Armour
 31335 | Shoals:2 | Found Unyomok's Antique Weapon Emporium.
 31343 | Shoals:2 | Noticed a kraken
 31352 | Shoals:2 | Killed a kraken
 31704 | Shoals:2 | Received a gift from Okawaru
 32465 | Shoals:3 | Reached skill level 12 in Dodging
 32615 | Shoals:3 | Reached skill level 15 in Fighting
 32671 | Shoals:3 | Reached XP level 18. HP: 149/149 MP: 27/27
 32674 | Shoals:3 | Noticed Polyphemus
 32686 | Shoals:3 | Killed Polyphemus
 32699 | Shoals:3 | Received a gift from Okawaru
 33025 | Shoals:3 | Identified the +7 trident of Sepeigul {drain, rN+ rCorr
                  | Str+3 Int-2}
 33057 | Shoals:3 | Noticed Nikola
 33063 | Shoals:3 | Killed Nikola
 33294 | Shoals:3 | Reached skill level 9 in Armour
 33417 | Shoals:4 | Entered Level 4 of the Shoals
 33662 | Shoals:4 | Received a gift from Okawaru
 33666 | Shoals:4 | Paralysed by an air elemental for 1 turns
 33893 | Shoals:4 | Reached skill level 16 in Fighting
 34052 | Shoals:4 | Identified the +4 quarterstaff of the Coin {elec, Fly MP+9
                  | Dex+3}
 34487 | Shoals:4 | Got a barnacled rune of Zot
 34571 | Shoals:4 | Paralysed by an air elemental for 1 turns
 34634 | Shoals:4 | Received a gift from Okawaru
 34818 | Shoals:4 | Got the Omnibus of Bright Lava
 34833 | Shoals:4 | Found a stormy altar of Qazlal.
 35561 | D:12     | Identified the amulet of Wuangar {Reflect Rampage SH+5}
 35851 | Spider:1 | Reached skill level 17 in Fighting
 35871 | Spider:1 | Received a gift from Okawaru
 36047 | Spider:1 | Reached skill level 12 in Armour
 36049 | Spider:1 | Reached XP level 19. HP: 161/161 MP: 28/28
 37539 | Spider:2 | Noticed Asterion
 37546 | Spider:2 | Noticed Vidaw's ghost (journeyman DsSh)
 37685 | Spider:2 | Received a gift from Okawaru
 37701 | Spider:2 | Found a runed translucent door.
 37812 | Spider:2 | Killed Asterion
 38359 | Spider:2 | Killed Vidaw's ghost
 38976 | Spider:3 | Noticed Roxanne
 38986 | Spider:3 | Killed Roxanne
 39413 | Spider:3 | Received a gift from Okawaru
 39597 | Spider:3 | Noticed Louise
 39606 | Spider:3 | Killed Louise
 39607 | Spider:3 | Reached skill level 18 in Fighting
 40197 | Spider:4 | Entered Level 4 of the Spider Nest
 41431 | Spider:4 | Received a gift from Okawaru
 41603 | Spider:4 | Reached XP level 20. HP: 172/172 MP: 29/29
 42050 | Spider:4 | Reached skill level 15 in Dodging
 42830 | Spider:4 | Received a gift from Okawaru
 43008 | Spider:4 | Got a gossamer rune of Zot
 43390 | Vaults:1 | Entered Level 1 of the Vaults
 43683 | Vaults:1 | Reached skill level 19 in Fighting
 44130 | Vaults:1 | Identified the +5 mace of a Hundred Xeniums {venom, Will++}
 44325 | Vaults:1 | Received a gift from Okawaru
 44847 | Vaults:1 | Received a gift from Okawaru
 45588 | Vaults:2 | Identified the +10 scimitar of the Winnowing Gods {drain,
                  | Str+4}
 45661 | Vaults:2 | Found Ligumo's Jewellery Shop.
 45900 | Vaults:2 | Reached skill level 20 in Fighting
 46116 | Vaults:2 | Found a staircase to the Crypt.
 46290 | Vaults:2 | Reached XP level 21. HP: 183/183 MP: 30/30
 46752 | Vaults:3 | Identified the +2 robe of Kughow {rF+ rN+ Will+ MP+9}
 46775 | Vaults:3 | Received a gift from Okawaru
 46820 | Vaults:3 | Noticed Norris
 46966 | Vaults:3 | Killed Norris
 47256 | Vaults:3 | Learned a level 4 spell: Dimensional Bullseye
 47377 | Vaults:3 | Received a gift from Okawaru
 47387 | Vaults:3 | Reached skill level 1 in Hexes
 47916 | Vaults:3 | Identified the +4 robe of the Engineer {Fly Int+2}
 47916 | Vaults:3 | Noticed Boris
 47925 | Vaults:3 | Killed Boris
 48077 | Vaults:3 | Received a gift from Okawaru
 48378 | Vaults:4 | Reached skill level 3 in Hexes
 48508 | Vaults:4 | Found Taova's Armour Boutique.
 49193 | Vaults:4 | Noticed Zenata
 49206 | Vaults:4 | Killed Zenata
 49206 | Vaults:4 | Received a gift from Okawaru
 50007 | Elf:1    | Entered Level 1 of the Elven Halls
 50101 | Elf:1    | Identified the ring "Ymaeky" {rElec rF- Str+6 Dex+5}
 50284 | Elf:1    | Reached skill level 21 in Fighting
 50290 | Elf:1    | Paralysed by an air elemental for 1 turns
 50806 | Elf:2    | Reached XP level 22. HP: 191/194 MP: 31/31
 50893 | Elf:2    | Found a runed translucent gate.
 50894 | Elf:2    | Found a runed translucent gate.
 50894 | Elf:2    | Found a runed translucent gate.
 51021 | Elf:2    | Received a gift from Okawaru
 51309 | Elf:2    | Paralysed by an air elemental for 1 turns
 51736 | Elf:2    | Reached skill level 18 in Dodging
 51878 | Elf:2    | Reached skill level 6 in Hexes
 52094 | Elf:3    | Entered Level 3 of the Elven Halls
 52098 | Elf:3    | Received a gift from Okawaru
 52261 | Elf:3    | Noticed Saint Roka
 52275 | Elf:3    | Killed Saint Roka
 53626 | Elf:3    | Identified the ring of Fircher {Fly rN+ Will+ Str+3}
 53694 | Elf:3    | Received a gift from Okawaru
 53895 | Elf:3    | Identified the staff of Himiorch {rN+ Summ Necro}
 53904 | Elf:3    | Identified the +6 plate armour of Nocein {rElec MP+9 Dex+2}
 54017 | Elf:3    | Reached skill level 22 in Fighting
 54027 | Elf:3    | Identified the +5 quick blade of Billong {flame, rN+}
 54580 | Elf:3    | Received a gift from Okawaru
 54816 | Elf:3    | Got the Folio of the Shocking Crypt
 54861 | Elf:3    | Learned a level 3 spell: Swiftness
 55127 | Slime:1  | Entered Level 1 of the Pits of Slime
 55145 | Lair:4   | Reached skill level 1 in Air Magic
 55275 | Lair:4   | Reached XP level 23. HP: 184/201 MP: 32/32
 55668 | Arena    | Entered the Arena
 55838 | Slime:2  | Reached skill level 3 in Air Magic
 56631 | Slime:2  | Gained mutation: You are weak. (Str -2) [a shining eye]
 57030 | Slime:3  | HP: 3/204 [acid blob (30)]
 57030 | Slime:3  | Splashed by an acid blob's acid

Illustrated notes

Levels and vault maps discovered:
D:1:      saegor_arrival_fortress, layout_basic
D:2:      layout_loops_ring
D:3:      layout_loops_ring, old_standard_altar,
          nicolae_qazlal_beasts_of_the_sky, serial_shops, shop, shop,
          nicolae_shop_just_a_little_nook, nicolae_shop_back_alley_shop, shop,
          dk_noncrumbling_3, uniq_robin, uniq_grinder, uniq_sigmund
D:4:      cheibrodos_thug_alley, layout_basic
D:5:      layout_cave_pools, serial_undead, serial_undead_f, serial_undead_f,
          serial_undead_f, serial_undead_b, chequers_big_river
D:6:      layout_basic, serial_shops, nicolae_shop_tiny_statue_garden,
          minmay_parallelograms, uniq_blork_the_orc, uniq_maggie
D:7:      layout_loops_corners, lemuel_crystal_altar, lemuel_round_altar,
          mainiacjoe_overflow_alcove_1, lemuel_doored_altar, temple_fountains,
          gammafunk_ghost_necromancy
D:8:      layout_basic
D:9:      layout_rooms, mainiacjoe_overflow_catwalk_spiral, uniq_pikel,
          uniq_harold
D:10:     layout_long_grid, minmay_lair_entry_grove,
          minmay_orc_entry_temple_large, serial_co_window_serial,
          co_window_corner_a, co_window_corner_a, co_window_paths_b,
          co_window_corner_a, co_window_corner_a, co_window_corner_a,
          co_window_paths_b, co_window_paths_a, co_window_paths_a,
          co_window_broadway_a, co_window_corner_b, co_window_broadway_c,
          co_window_2corner
D:11:     layout_irregular_city
D:12:     minmay_five_octagons, layout_rooms, uniq_azrael, uniq_jorgrun
D:13:     layout_small_grid, erik_vaults_1, enter_trove_3, uniq_erolcha
D:14:     layout_basic, nicolae_elyvilon_peaceful_grove
D:15:     grunt_enter_depths_hoard, layout_loops_corners, serial_shops, shop,
          st_stairs_7
Temple:   minmay_temple_curvy_branch
Lair:1:   layout_roguey
Lair:2:   layout_concentric_octagons, nicolae_spider_entry_lesser_pyramids
Lair:3:   layout_chaotic_city, nicolae_shoals_entry_roost
Lair:4:   layout_loops_ring, nicolae_slime_entry_field_trip,
          nicolae_lair_lil_pond, grunt_megastairs_5, serial_bayou_shore_a
Lair:5:   minmay_lair_end_enchanted_forest, layout_hall_layers,
          grunt_megastairs_2, lemuel_fruit_fields, serial_bayou_shore_b,
          uniq_nessos
Shoals:1: layout_shoals, serial_shops, statue_bzr,
          nicolae_shoals_circle_sea_wall, argonaut_gorgonesque, uniq_frances
Shoals:2: cheibrodos_shoals_oceanic_diplomacy, layout_shoals, serial_shops,
          nicolae_shop_tiny_statue_garden, nicolae_shoals_water_shrine
Shoals:3: nicolae_shoals_aurelia_aurita, layout_shoals, uniq_polyphemus,
          uniq_nikola
Shoals:4: shoals_end_hellmonk_storm_palace [storm_palace_center_circular,
          storm_palace_corner_pillars, storm_palace_corner_pillars,
          storm_palace_corner_altar, storm_palace_corner_pillars]
Spider:1: layout_spider_delve, drop_trap, nicolae_spider_nooks_and_crannies
Spider:2: layout_spider_delve, hellmonk_ghost_happy_afterlife, uniq_asterion
Spider:3: layout_cave_pods, uniq_roxanne, uniq_louise
Spider:4: hellmonk_spider_rune_endless_swarm, nicolae_spider_rock_and_or_roll
Slime:1:  layout_caves
Slime:2:  nicolae_slime_jelly_donut, layout_caves
Slime:3:  layout_caves
Orc:1:    layout_caves
Orc:2:    pf_orc_diabolical, layout_caves, nicolae_orc_rockfall,
          einodemon_barbed_minivault
Elf:1:    layout_rooms, kilobyte_rumbling_trees
Elf:2:    nicolae_elf_blades_crystal_corner, layout_geoelf_grid
Elf:3:    nooodl_elf_gasket, layout_geoelf_grid, uniq_saint_roka
Vaults:1: nicolae_vaults_more_shelving_1, v_misc_19, nicolae_vaults_wrenched,
          nicolae_vaults_sesquioval_fish, nicolae_vaults_museum,
          nicolae_vaults_yaktaur_gun_rack, nicolae_vaults_trapezoid_lopsided_4,
          vaults_room_corners, hangedman_vaults_impose,
          hangedman_vaults_stitches, nicolae_vaults_rhombus_6,
          layout_vaults_maze_bifur
Vaults:2: nicolae_vaults_network_quinsquares
          [nicolae_vaults_network_quincunx_subvault,
          nicolae_vaults_network_quincunx_subvault,
          nicolae_vaults_network_quincunx_subvault,
          nicolae_vaults_network_quincunx_subvault], hangedman_vaults_snaps,
          v_misc_30, nicolae_vaults_trapezoid_lopsided_3,
          nicolae_vaults_windows_and_doors_thing, nicolae_vaults_double_plus_3,
          nicolae_vaults_storage_closets_2, layout_vaults_chaotic_city,
          serial_shops, shop
Vaults:3: grunt_vaults_focal, v_misc_3, nicolae_vaults_lightning_bolt,
          nicolae_vaults_puzzle_piece, nicolae_vaults_surprise_closet,
          nicolae_vaults_storage_room_statues, nicolae_vaults_trapezoid_4,
          st_smaller_cells, nicolae_vaults_theta, nicolae_vaults_apartment_2,
          v_rooms_6, lightli_orcish_oven, v_misc_8, vaults_mumra_minichess,
          layout_vaults_ring, uniq_boris, uniq_norris
Vaults:4: nicolae_vaults_hallways_thing, nicolae_vaults_network_barrier,
          nicolae_vaults_trapezoid_layered, nicolae_vaults_trapezoid_4,
          ontoclasm_vaults_pinch, layout_vaults_quadrants, serial_shops, shop,
          uniq_zenata

Skill      XL: |  1  2  3  4  5  6  7  8  9 10 11 12 13 14 15 16 17 18 19 20 21 22 23 |
---------------+----------------------------------------------------------------------+-----
Ranged Weapons | 4 6 7 8 10 11 13 14 17 18 | 18.0
Dodging        | 2 4 5 6 7 8 10 12 13 14 16 17 19 | 19.3
Fighting       | 3 5 6 8 9 11 15 17 18 20 21 22 | 22.5
Invocations    | 1 4 6 7 9 10 11 12 | 12.0
Translocations | 3 6 8 |  8.0
Spellcasting   | 1 4 |  4.0
Armour         | 7 12 13 14 | 14.0
Hexes          | 4 6 |  6.0
Air Magic      | 1 4 |  4.4
Stealth        | |  0.7

Action                     |  1- 3 |  4- 6 |  7- 9 | 10-12 | 13-15 | 16-18 | 19-21 | 22-24 || total
---------------------------+-------+-------+-------+-------+-------+-------+-------+-------++-------
  Melee: Sling             |       |     2 |       |     2 |       |       |     1 |       ||     5
         Hand cannon       |       |       |       |       |       |       |     2 |     2 ||     4
   Fire: Sling             |   188 |    46 |   946 |  1900 |  1057 |   923 |   580 |       ||  5640
         Hand cannon       |       |       |       |       |   459 |   923 |  1708 |   898 ||  3988
   Cast: Blink             |       |       |       |       |     1 |     4 |     6 |    11 ||    22
         Swiftness         |       |       |       |       |       |       |       |     1 ||     1
 Invoke: Finesse           |       |       |       |     1 |     1 |     2 |     1 |       ||     5
         Heroism           |       |       |       |     1 |       |     1 |       |       ||     2
         Receive Weapon    |       |       |       |       |     1 |       |       |       ||     1
         Receive Armour    |       |       |       |       |     1 |       |       |       ||     1
         Duel              |       |       |       |       |       |       |       |     1 ||     1
  Evoke: Wand              |       |       |     5 |       |     2 |     4 |       |       ||    11
         Condenser vane    |       |       |       |       |       |       |     1 |       ||     1
    Use: Potion            |     1 |       |     1 |    12 |     3 |     4 |     4 |     3 ||    28
         Scroll            |       |       |    10 |    11 |     7 |    15 |     9 |     4 ||    56
 Armour: Leather armour    |     7 |    17 |    73 |       |       |       |       |       ||    97
         Skin              |     1 |       |    12 |       |       |       |       |       ||    13
         Acid dragon scale |       |       |    16 |   253 |   118 |       |       |   107 ||   494
         Animal skin       |       |       |       |       |    79 |   193 |    91 |       ||   363
         Swamp dragon scal |       |       |       |       |       |    66 |   285 |       ||   351
         Fire dragon scale |       |       |       |       |       |       |    20 |    70 ||    90
  Dodge: Dodged            |     4 |     4 |    75 |   245 |   158 |   238 |   467 |   178 ||  1369

Table legend: (Time is in decaauts)
 A = Elapsed time spent in this place.
 B = Non-inter-level travel time spent in this place.
 C = Inter-level travel time spent in this place.
 D = Time resting spent in this place.
 E = Time spent auto-exploring this place.
 F = Levels seen in this place.
 G = Mean time per level.
                   A        B        C        D        E       F      G
               +--------+--------+--------+--------+--------+-----+--------+
         Total |  57306 |  51461 |   5845 |  15036 |  29196 |  43 | 1332.7 |
       Dungeon |  19851 |  16773 |   3078 |   2929 |  11422 |  15 | 1323.4 |
        Temple |     55 |      1 |     54 |      0 |      0 |   1 |   55.0 |
          Lair |   7911 |   6985 |    926 |   2262 |   3722 |   5 | 1582.2 |
        Shoals |   6190 |   5897 |    293 |   2368 |   2708 |   4 | 1547.5 |
   Spider Nest |   7701 |   7377 |    324 |   3243 |   3128 |   4 | 1925.2 |
    Slime Pits |   1677 |   1583 |     94 |    574 |    785 |   3 |  559.0 |
  Orcish Mines |   2331 |   2021 |    310 |    511 |   1163 |   2 | 1165.5 |
   Elven Halls |   5024 |   4658 |    366 |   2136 |   1910 |   3 | 1674.7 |
        Vaults |   6285 |   5888 |    397 |    988 |   4197 |   4 | 1571.2 |
        Bazaar |    252 |    252 |      0 |      0 |    160 |   1 |  252.0 |
         Arena |     23 |     23 |      0 |     22 |      0 |   1 |   23.0 |
               +--------+--------+--------+--------+--------+-----+--------+

Top non-repeatable levels by time:
   Elf:3: 2881 daAuts
Spider:4: 2609 daAuts
     D:8: 2414 daAuts
  Lair:2: 2400 daAuts
    D:10: 2296 daAuts
Spider:3: 2115 daAuts
Shoals:4: 1966 daAuts
     D:7: 1928 daAuts
Shoals:2: 1897 daAuts
  Lair:4: 1860 daAuts
   Orc:2: 1824 daAuts
Vaults:1: 1715 daAuts
Vaults:2: 1708 daAuts
     D:4: 1691 daAuts
Spider:2: 1649 daAuts
